 Dungeon Crawl Stone Soup version 0.30-a0-923-g828ccac5a3 (webtiles) character file.

Game seed: 15041783954019606844

38 Morbidden the Stinger (level 3, -2/24 HPs)
             Began as a Demonspawn Venom Mage on Mar 22, 2023.
             Slain by Jessica
             ... wielding a +1 dagger of venom
              (3 damage)
             ... on level 2 of the Dungeon.
             The game lasted 00:01:58 (1279 turns).

Morbidden the Stinger (Demonspawn Venom Mage)       Turns: 1279, Time: 00:01:59

Health: -2/24      AC:  3    Str:  8    XL:     3   Next: 25%
Magic:  6/6        EV: 12    Int: 18    God:
Gold:   78         SH:  0    Dex: 13    Spells: 3/6 levels left

rFire   . . .      SeeInvis .    a - +3 short sword
rCold   . . .      Faith    .    (no shield)
rNeg    . . .      Spirit   .    d - +0 robe
rPois   .          Reflect  .    (no helmet)
rElec   .          Rampage  .    (no cloak)
rCorr   .                        e - +0 pair of gloves
Will    .....                    (no boots)
Stlth   ++                       (no amulet)
HPRegen 0.24/turn                (no ring)
MPRegen 0.10/turn                (no ring)

@: lethally poisoned (-2 -> -5)
A: demonic magic 1
a: no special abilities


You were on level 2 of the Dungeon.
You visited 1 branch of the dungeon, and saw 2 of its levels.

You collected 78 gold pieces.

Inventory:

Hand Weapons
 a - a +3 short sword (weapon)
Armour
 d - a +0 robe (worn)
 e - a +0 pair of gloves (worn)
Jewellery
 j - a ring of flight
Scrolls
 c - a scroll of noise {unknown}
 f - a scroll of blinking {unknown}
 g - 3 scrolls of teleportation {unknown}
 h - a scroll of amnesia {unknown}
 i - 2 scrolls of identify {unknown}


   Skills:
 * Level 0.2 Fighting
 + Level 0.1 Short Blades
 * Level 0.3 Armour
 * Level 2.0 Dodging
 + Level 1.7 Stealth
 * Level 2.3 Spellcasting
 * Level 1.5 Transmutations
 * Level 0.3 Air Magic
 * Level 3.3 Poison Magic


You had 3 spell levels left.
You knew the following spells:

 Your Spells              Type           Power      Damage    Failure   Level
a - Sting                 Tmut/Pois      40%        1d5       6%          1
b - Poisonous Vapours     Pois/Air       16%        N/A       12%         2

Your spell library contained the following spells:

 Spells                   Type           Power      Damage    Failure   Level
 Mephitic Cloud           Conj/Pois/Air  6%         N/A       32%         3
 Olgreb's Toxic Radiance  Pois           14%        N/A       41%         4


Dungeon Overview and Level Annotations

Branches:
Dungeon (2/15)

Altars:
Dithmenos

Annotations:
D:2 Jessica


Innate Abilities, Weirdness & Mutations

Spells you cast may paralyse adjacent enemies.


Message History

Unknown command.
You are too injured to fight recklessly!
You are too injured to fight recklessly!
You are too injured to fight recklessly!
Unknown command.
Jessica hits you with a +1 dagger of venom.
You are poisoned.
Unknown command.
Unknown command.
You hit Jessica but do no damage.
Jessica is severely wounded.
You feel very sick. Jessica misses you.
Unknown command.
You closely miss Jessica.
Jessica is severely wounded.
You feel sick. Jessica barely misses you.
Unknown command.
Unknown command.
Unknown command.
Okay, then.
Jessica attacks as you move away!
Jessica hits you with a +1 dagger of venom.
* * * LOW HITPOINT WARNING * * *
x2 You feel sick.
Jessica gestures wildly while chanting.
Jessica seems to speed up.
Unknown command.
Unknown command.
Unknown command.
Unknown command.
* * * LOW HITPOINT WARNING * * *
You feel sick.
Unknown command.
Unknown command.
Magic courses through your body.
* * * LOW HITPOINT WARNING * * *
You feel sick.
Jessica hits you with a +1 dagger of venom.
You die...

#.....#.#.#####..#.#.#
#.....#.#....##..#.#.#
#.....#.####†#####.#.#
#.....#.###[.....#.#.#
#####.####.>....#...#.#.#
#.....#.............#^..#
#...............#.#.#####
#######.....#.#########.#.#
#.....(.........@.......# #
...##########+#.#@.######
...# ..##......... ...#
...........##### ...#
#.....##......# ...###
#.... .......# ...... #...
.#..._...# ##.... ####
..#..!...# .... ! .#......#


You could see Jessica (fast, very poisoned).

Vanquished Creatures
  An adder (D:2)
  A dart slug (D:2)
  3 ball pythons
  A bat (D:2)
  2 endoplasms
  A giant cockroach (D:1)
  3 goblins (D:1)
  4 hobgoblins
  2 quokkas (D:1)
  2 frilled lizards (D:1)
  2 kobolds (D:1)
  4 rats
26 creatures vanquished.

Notes
Turn   | Place    | Note
-------+----------+-------------------------------------------
     0 | D:1      | Morbidden the Demonspawn Venom Mage began the quest for the
                  | Orb.
     0 | D:1      | Reached XP level 1. HP: 13/13 MP: 3/3
   119 | D:1      | Reached skill level 1 in Transmutations
   242 | D:1      | Gained mutation: Spells you cast may paralyse adjacent
                  | enemies. [demonic ancestry]
   242 | D:1      | Reached XP level 2. HP: 19/19 MP: 3/5
   325 | D:1      | Learned a level 2 spell: Poisonous Vapours
  1144 | D:2      | Reached XP level 3. HP: 24/24 MP: 3/6
  1268 | D:2      | Found a shadowy altar of Dithmenos.
  1269 | D:2      | Noticed Jessica
  1279 | D:2      | HP: 1/24 [poisoned by Jessica]
  1279 | D:2      | Slain by Jessica

Illustrated notes

Levels and vault maps discovered:
D:1:      dpeg_arrival_tiny_i, layout_loops_cross
D:2:      layout_basic, basic_altar, uniq_jessica

Skill      XL: |  1  2 |
---------------+-------+-----
Transmutations | 1 |  1.5
Dodging        | 2 |  2.0
Fighting       | |  0.2
Short Blades   | |  0.1
Armour         | |  0.3
Stealth        | |  1.7
Spellcasting   | |  2.3
Air Magic      | |  0.3
Poison Magic   | |  3.3

Action                     || total
---------------------------++-------
  Melee: Short sword       ||    35
         Unarmed           ||     1
   Cast: Sting             ||    32
         Poisonous Vapours ||     9
    Use: Potion            ||     1
   Stab: Paralysed         ||     4
 Armour: Robe              ||     7
  Dodge: Dodged            ||    23

Table legend: (Time is in decaauts)
 A = Elapsed time spent in this place.
 B = Non-inter-level travel time spent in this place.
 C = Inter-level travel time spent in this place.
 D = Time resting spent in this place.
 E = Time spent auto-exploring this place.
 F = Levels seen in this place.
 G = Mean time per level.
                   A        B        C        D        E       F      G
               +--------+--------+--------+--------+--------+-----+--------+
         Total |   1284 |   1217 |     67 |      2 |   1016 |   2 |  642.0 |
       Dungeon |   1284 |   1217 |     67 |      2 |   1016 |   2 |  642.0 |
               +--------+--------+--------+--------+--------+-----+--------+

Top non-repeatable levels by time:
     D:1: 892 daAuts
     D:2: 392 daAuts
